[Event "European Blitz-ch 2018"]
[Site "Skopje"]
[Date "2018.12.06"]
[Round "4"]
[White "Popov, Valerij"]
[Black "Arutyunova, Diana"]
[Result "0-1"]
[ECO "A96"]
[WhiteElo "2532"]
[BlackElo "2227"]
[PlyCount "62"]
[EventDate "2018.12.06"]
[EventType "swiss"]
[EventCountry "MKD"]
[TimeControl "180+2"]

1. Nf3 e6 2. c4 f5 3. g3 Nf6 4. Bg2 d6 5. d4 Be7 6. O-O O-O 7. Nc3 Ne4 8. Nxe4 fxe4 9. Nd2 d5 10. Qb3 Nc6 11. e3 Kh8 12. f3 exf3 13. Bxf3 Bg5 14. Bg2 Rxf1+ 15. Bxf1 Qf6 16. cxd5 exd5 17. Bg2 Bg4 18. h4 Bh6 19. Nf1 Rf8 20. Qc2 Nb4 21. Qd2 a5 22. a3 Nc6 23. Bxd5 Ne7 24. Bg2 Nf5 25. Qd3 Nxh4 26. gxh4 Qf2+ 27. Kh1 Qxh4+ 28. Nh2 Qe1+ 29. Bf1 Bf5 30. Qd2 Be4+ 31. Kg1 Qg3+ 0-1

[Event "European Blitz-ch 2018"]
[Site "Skopje"]
[Date "2018.12.06"]
[Round "4"]
[White "Kutirov, Rolando"]
[Black "Georgiev, Kiril"]
[Result "0-1"]
[ECO "A46"]
[WhiteElo "2316"]
[BlackElo "2595"]
[Annotator "RC"]
[PlyCount "112"]
[EventDate "2018.12.06"]
[EventType "swiss"]
[EventCountry "MKD"]
[SourceTitle "playchess.com"]
[Source "ChessBase"]
[SourceQuality "1"]
[TimeControl "180+2"]

1. d4 Nf6 2. Nf3 e6 3. Bg5 h6 4. Bh4 d6 5. Nbd2 g5 6. Bg3 Nh5 7. e3 Bg7 8. c3 f5 9. Ng1 Nxg3 10. hxg3 Qe7 11. Qh5+ Qf7 12. Qxf7+ Kxf7 13. Bc4 Nd7 14. O-O-O Nf6 15. f3 d5 16. Bd3 Bd7 17. Nh3 Rac8 18. Kb1 c5 19. Rhf1 Ke7 20. Rde1 b5 21. dxc5 Rxc5 22. Nf2 e5 23. Nb3 Rc7 24. e4 dxe4 25. fxe4 f4 26. gxf4 gxf4 27. Rg1 Rf8 28. Be2 Bc6 29. Bf3 Ne8 30. Nd3 Bf6 31. Nb4 Nd6 32. Nd5+ Bxd5 33. exd5 Nc4 34. Nd4 Rd7 35. Nf5+ Kd8 36. Nxh6 Nd2+ 37. Kc2 Nxf3 38. gxf3 Rxd5 39. Rd1 Rxd1 40. Rxd1+ Ke7 41. Ng4 Rh8 42. Rd5 Ke6 43. Rxb5 Rh3 44. Ra5 Bh8 45. Rxa7 Rxf3 46. Rh7 Rg3 47. Nh2 Bf6 48. a4 Rg2+ 49. Kd3 Rxb2 50. Nf3 Ra2 51. Ra7 Kf5 52. Ra5 Ra1 53. Nd4+ Kg4 54. Nc6 f3 55. Ke3 Re1+ 56. Kf2 Bh4# 0-1